Gangsters vs Sewer Rats
(R1)
Created - 13 mai 2013 at 19:10
Goals
|
| Gangsters |
1 |
2 |
1 |
4 |
| Sewer Rats |
0 |
0 |
1 |
1 |
|
Shots
|
| Gangsters |
5 |
17 |
9 |
31 |
| Sewer Rats |
13 |
12 |
8 |
33 |
|
1st period
1. Gangsters , Igor Radulov 29 (Dave Steckel, Staffan Kronwall) at 15:47
Penalties :
Bryan Little (Tol) for Hooking (Minor) at 9:52, Dave Steckel (Bro) for Holding (Minor) at 13:41, Josh Gorges (Bro) for Hooking (Minor) at 16:45
2nd period
2. Gangsters , Tim Jackman 34 (Jaroslav Balastik, Chris Bourque) at 4:33
3. Gangsters , Alexei Emelin 4 (Artem Anisimov, Ryan Jones) at 10:34
Penalties :
Mike Rathje (Tol) for Hooking (Minor) at 0:43, Ryan Jones (Bro) for Roughing (Minor) at 5:34, Alexandre Bolduc (Bro) for High sticking (Minor) at 11:58, Ryan Keller (Bro) for Tripping (Minor) at 16:29
3rd period
4. Gangsters , Jaroslav Balastik 58 (Tim Jackman, Chris Bourque) at 0:43 (PP)
5. Sewer Rats , Bryan Little 46 (Max Pacioretty) at 7:48
Penalties :
Kyle Okposo (Tol) for Tripping (Minor) at 0:07, Pat Rissmiller (Tol) for Hooking (Minor) at 10:32, Jim Vandermeer (Bro) for Hooking (Minor) at 10:32, Mark Mancari (Tol) for Holding (Minor) at 14:37, Karel Rachunek (Tol) for Tripping (Minor) at 19:00
Goalie Stats
Steve Valiquette (Bro), 32 saves from 33 shots - (0,970), W, 33-20-4, 60:00 minutes
Jonas Gustavsson (Tol), 27 saves from 31 shots - (0,871), L, 28-18-3, 60:00 minutes
Players Stats for Gangsters
Player Name G A P +/- PIM S H SB GA TA FO MP PP MP PK MP
------------------------------------------------------------------------------------
Alexandre Bolduc 0 0 0 0 2 2 0 0 0 0 1/4 10:53 0:07 3:33
Alexei Emelin 1 0 1 1 0 1 0 0 0 1 0/0 9:05 0:00 0:00
Artem Anisimov 0 1 1 1 0 0 0 0 0 0 2/8 9:11 0:00 0:00
Ben Holmstrom 0 0 0 0 0 0 0 0 0 0 0/0 0:00 0:00 0:00
Brock Bradford 0 0 0 0 0 0 1 0 0 0 0/1 1:10 0:00 0:35
Bryan Young 0 0 0 0 0 0 0 0 0 0 0/0 0:00 0:00 0:00
Byron Ritchie 0 0 0 1 0 1 0 1 0 0 5/9 15:42 2:28 2:11
Chris Bourque 0 2 2 0 0 4 2 0 0 0 12/23 19:47 3:32 2:12
Cory Murphy 0 0 0 0 0 2 0 2 1 2 0/0 27:35 4:30 6:03
Dave Steckel 0 1 1 0 2 1 0 0 1 0 5/11 5:21 1:01 0:02
Igor Radulov 1 0 1 1 0 2 0 0 0 0 0/0 13:55 2:28 0:00
Jaroslav Balastik 1 1 2 0 0 3 4 1 2 0 0/0 24:57 4:42 5:32
Jim Vandermeer 0 0 0 0 2 0 0 0 0 1 0/0 4:02 0:00 0:00
Josh Gorges 0 0 0 1 2 3 1 0 0 0 0/0 18:38 3:02 3:11
Matt Read 0 0 0 1 0 1 2 0 1 0 0/0 13:31 2:28 0:00
Mike Commodore 0 0 0 0 0 1 2 1 0 3 0/0 27:35 4:30 6:03
Mikko Lehtonen 0 0 0 0 0 0 0 0 0 0 0/0 0:19 0:19 0:00
Nick Foligno 0 0 0 1 0 1 0 1 0 0 1/1 9:11 0:00 0:00
Ryan Jones 0 1 1 1 2 1 1 1 0 1 2/8 14:56 0:00 3:34
Ryan Keller 0 0 0 0 2 2 1 0 0 0 0/0 8:10 0:49 0:00
Shaun Heska 0 0 0 0 0 0 0 0 0 0 0/0 3:40 0:00 0:00
Staffan Kronwall 0 1 1 1 0 1 0 1 0 1 0/0 19:40 3:02 3:52
Tim Jackman 1 1 2 0 0 5 0 1 0 0 2/4 20:11 4:42 2:11
Ville Koistinen 0 0 0 1 0 0 0 1 0 2 0/0 10:31 0:00 0:41
Players Stats for Sewer Rats
Player Name G A P +/- PIM S H SB GA TA FO MP PP MP PK MP
------------------------------------------------------------------------------------
Brandon Sutter 0 0 0 -1 0 0 1 0 0 0 7/12 12:02 0:07 4:38
Bryan Little 1 0 1 -1 2 7 2 0 2 0 22/38 21:49 5:14 1:44
Derek Dorsett 0 0 0 0 0 1 3 0 2 0 0/0 7:47 0:00 0:00
Derick Brassard 0 0 0 0 0 4 1 0 1 0 6/9 17:23 4:34 0:35
Eric Fehr 0 0 0 0 0 2 1 0 1 0 1/2 17:23 5:14 0:00
John Erskine 0 0 0 0 0 0 0 1 0 0 0/0 21:05 0:48 5:03
John-Michael Liles 0 0 0 -1 0 1 0 0 0 0 0/0 20:31 5:42 0:47
Karel Rachunek 0 0 0 -1 2 2 2 0 1 1 0/0 23:02 6:30 3:09
Kyle Okposo 0 0 0 -1 2 2 1 1 0 0 0/1 18:56 4:33 0:00
Kyle Quincey 0 0 0 -1 0 0 1 1 2 0 0/0 16:46 3:25 0:00
Lars Eller 0 0 0 0 0 0 1 0 0 0 0/3 7:47 0:00 0:00
Mark Mancari 0 0 0 -1 2 2 3 0 0 0 0/0 8:23 0:08 0:35
Matt Lashoff 0 0 0 0 0 2 3 2 0 2 0/0 18:41 0:00 3:53
Max Pacioretty 0 1 1 -1 0 1 3 2 2 1 1/2 20:04 5:14 0:01
Mike Rathje 0 0 0 -1 2 1 0 2 0 0 0/0 19:53 3:25 2:12
Niko Dimitrakos 0 0 0 0 0 0 0 0 0 0 0/0 5:08 0:00 4:36
Pat Rissmiller 0 0 0 0 2 6 0 0 0 0 1/1 16:41 4:33 1:01
Ville Leino 0 0 0 -1 0 2 0 0 0 0 1/1 7:21 0:08 0:00
Vojtech Polak 0 0 0 0 0 0 0 0 0 1 0/0 9:41 0:00 1:54
3 Stars
1 - Steve Valiquette (Bro)
2 - Jaroslav Balastik (Bro)
3 - Tim Jackman (Bro)
Power Play
Gangsters - 1 on 5 Attempt(s) - 20,00%
Sewer Rats - 0 on 5 Attempt(s) - 0,00%
Penalty Kill
Gangsters - 5 on 5 Attempt(s) - 100,00%
- Score 0 goal in Penalty Kill
Sewer Rats - 4 on 5 Attempt(s) - 80,00%
- Score 0 goal in Penalty Kill
Official
Referees : StLaurent Francois and Kozari Steve
Linesman : Vaughan Rody and Greg Devorski
Game Notes
Dave Steckel is injured at 16:47 of 1st period (Strained Back)
Gangsters
5 vs 5 Forward
Center Left Wing Right Wing Time % Phy DF OF
1 Dave Steckel Jaroslav Balastik Tim Jackman 40 1 2 2
2 Byron Ritchie Igor Radulov Matt Read 30 1 2 2
3 Alexandre Bolduc Chris Bourque Ryan Keller 20 1 2 2
4 Artem Anisimov Nick Foligno Ryan Jones 10 1 2 2
5 vs 5 Defense
Defense Defense Time % Phy DF OF
1 Cory Murphy Mike Commodore 40 1 2 2
2 Staffan Kronwall Josh Gorges 30 1 2 2
3 Alexei Emelin Ville Koistinen 20 1 2 2
4 Jim Vandermeer Shaun Heska 10 1 2 2
PowerPlay Forward
Center Left Wing Right Wing Time % Phy DF OF
1 Dave Steckel Jaroslav Balastik Tim Jackman 60 1 2 2
2 Byron Ritchie Igor Radulov Matt Read 40 1 2 2
PowerPlay Defense
Defense Defense Time % Phy DF OF
1 Cory Murphy Mike Commodore 60 1 2 2
2 Staffan Kronwall Josh Gorges 40 1 2 2
Penalty Kill 4 Players Forward
Center Wing Time % Phy DF OF
1 Dave Steckel Jaroslav Balastik 60 1 2 2
2 Byron Ritchie Tim Jackman 40 1 2 2
Penalty Kill 4 Players Defense
Defense Defense Time % Phy DF OF
1 Cory Murphy Mike Commodore 60 1 2 2
2 Staffan Kronwall Josh Gorges 40 1 2 2
Penalty Kill - 3 Players Forward
Forward Time % Phy DF OF
1 Dave Steckel 60 1 2 2
2 Jaroslav Balastik 40 1 2 2
Penalty Kill - 3 Players Defense
Defense Defense Time % Phy DF OF
1 Cory Murphy Mike Commodore 60 1 2 2
2 Staffan Kronwall Josh Gorges 40 1 2 2
4 vs 4 Forward
Center Wing Time % Phy DF OF
1 Dave Steckel Jaroslav Balastik 60 1 2 2
2 Byron Ritchie Tim Jackman 40 1 2 2
4 vs 4 Defense
Defense Defense Time % Phy DF OF
1 Cory Murphy Mike Commodore 60 1 2 2
2 Staffan Kronwall Josh Gorges 40 1 2 2
Last Minutes Offensive
Center Left Wing Right Wing Defense Defense
Dave Steckel Jaroslav Balastik Tim Jackman Cory Murphy Mike Commodore
Last Minutes Defensive
Center Left Wing Right Wing Defense Defense
Dave Steckel Jaroslav Balastik Tim Jackman Cory Murphy Mike Commodore
Goaltenders
Starting : Steve Valiquette
Backup : David LeNeveu
Extra Forwards
Normal : Chris Bourque, Ryan Keller, Ryan Jones - PP : Chris Bourque, Ryan Keller - PK : Ryan Jones
Extra Defensemen
Normal : Alexei Emelin, Ville Koistinen, Jim Vandermeer - PP : Alexei Emelin - PK : Ville Koistinen, Jim Vandermeer
Penalty Shots
Dave Steckel, Jaroslav Balastik, Byron Ritchie, Tim Jackman, Igor Radulov
Sewer Rats
5 vs 5 Forward
Center Left Wing Right Wing Time % Phy DF OF
1 Bryan Little Max Pacioretty Kyle Okposo 40 1 2 2
2 Derick Brassard Pat Rissmiller Eric Fehr 30 1 2 2
3 Brandon Sutter Ville Leino Mark Mancari 15 1 2 2
4 Lars Eller Vojtech Polak Derek Dorsett 15 1 2 2
5 vs 5 Defense
Defense Defense Time % Phy DF OF
1 Karel Rachunek Matt Lashoff 30 1 2 2
2 John-Michael Liles Kyle Quincey 30 1 2 2
3 John Erskine Mike Rathje 30 1 2 2
4 Karel Rachunek Matt Lashoff 10 1 2 2
PowerPlay Forward
Center Left Wing Right Wing Time % Phy DF OF
1 Bryan Little Max Pacioretty Eric Fehr 60 1 2 2
2 Derick Brassard Pat Rissmiller Kyle Okposo 40 1 2 2
PowerPlay Defense
Defense Defense Time % Phy DF OF
1 John-Michael Liles Karel Rachunek 60 1 2 2
2 Kyle Quincey Mike Rathje 40 1 2 2
Penalty Kill 4 Players Forward
Center Wing Time % Phy DF OF
1 Brandon Sutter Niko Dimitrakos 60 1 2 2
2 Bryan Little Vojtech Polak 40 1 2 2
Penalty Kill 4 Players Defense
Defense Defense Time % Phy DF OF
1 Matt Lashoff John Erskine 60 1 2 2
2 Mike Rathje Karel Rachunek 40 1 2 2
Penalty Kill - 3 Players Forward
Forward Time % Phy DF OF
1 Bryan Little 60 1 2 2
2 Eric Fehr 40 1 2 2
Penalty Kill - 3 Players Defense
Defense Defense Time % Phy DF OF
1 Matt Lashoff John Erskine 60 1 2 2
2 Karel Rachunek Mike Rathje 40 1 2 2
4 vs 4 Forward
Center Wing Time % Phy DF OF
1 Derick Brassard Eric Fehr 60 1 2 2
2 Bryan Little Niko Dimitrakos 40 1 2 2
4 vs 4 Defense
Defense Defense Time % Phy DF OF
1 Mike Rathje John Erskine 60 1 2 2
2 John-Michael Liles Matt Lashoff 40 1 2 2
Last Minutes Offensive
Center Left Wing Right Wing Defense Defense
Derick Brassard Max Pacioretty Kyle Okposo Karel Rachunek John-Michael Liles
Last Minutes Defensive
Center Left Wing Right Wing Defense Defense
Bryan Little Pat Rissmiller Eric Fehr Karel Rachunek Mike Rathje
Goaltenders
Starting : Jonas Gustavsson
Backup : Jhonas Enroth
Extra Forwards
Normal : Kyle Okposo, Max Pacioretty, Mark Mancari - PP : Kyle Okposo, Max Pacioretty - PK : Mark Mancari
Extra Defensemen
Normal : Kyle Quincey, Karel Rachunek, Mike Rathje - PP : Kyle Quincey - PK : Karel Rachunek, Mike Rathje
Penalty Shots
Kyle Okposo, Eric Fehr, Derick Brassard, Niko Dimitrakos, Max Pacioretty
% Time on Ice - Gangsters
Lines # - Real PCT - Wanted PCT - Time Play
Normal Forward
1 - 36% - 40% - 14:35
2 - 27% - 30% - 11:03
3 - 14% - 20% - 5:45
4 - 23% - 10% - 9:11
Normal Defense
1 - 39% - 40% - 15:52
2 - 29% - 30% - 11:57
3 - 22% - 20% - 9:05
4 - 9% - 10% - 3:40
PP Forward
1 - 67% - 60% - 5:04
2 - 33% - 40% - 2:28
PP Defense
1 - 60% - 60% - 4:30
2 - 40% - 40% - 3:02
PK Forward
1 - 78% - 60% - 7:44
2 - 22% - 40% - 2:11
PK Defense
1 - 61% - 60% - 6:03
2 - 39% - 40% - 3:52
PK3 Forward
1 - 0% - 60%
2 - 0% - 40%
PK3 Defense
1 - 0% - 60%
2 - 0% - 40%
44 Forward
1 - 100% - 60% - 1:59
2 - 0% - 40% - 0:00
44 Defense
1 - 59% - 60% - 1:10
2 - 41% - 40% - 0:49
Last Minute Offensive - 0:00
Last Minute Defensive - 0:00
Total
Forward - 60:00
Defense - 60:00
|
% Time on Ice - Sewer Rats
Lines # - Real PCT - Wanted PCT - Time Play
Normal Forward
1 - 36% - 40% - 14:28
2 - 28% - 30% - 11:10
3 - 18% - 15% - 7:09
4 - 19% - 15% - 7:47
Normal Defense
1 - 33% - 30% - 13:24
2 - 33% - 30% - 13:29
3 - 29% - 30% - 11:49
4 - 5% - 10% - 1:52
PP Forward
1 - 54% - 60% - 5:21
2 - 46% - 40% - 4:34
PP Defense
1 - 66% - 60% - 6:30
2 - 34% - 40% - 3:25
PK Forward
1 - 75% - 60% - 5:38
2 - 25% - 40% - 1:54
PK Defense
1 - 53% - 60% - 3:59
2 - 47% - 40% - 3:33
PK3 Forward
1 - 0% - 60%
2 - 0% - 40%
PK3 Defense
1 - 0% - 60%
2 - 0% - 40%
44 Forward
1 - 78% - 60% - 1:33
2 - 22% - 40% - 0:26
44 Defense
1 - 71% - 60% - 1:25
2 - 29% - 40% - 0:34
Last Minute Offensive - 0:00
Last Minute Defensive - 0:00
Total
Forward - 60:00
Defense - 60:00
|
Play by Play
1st period
0:01 of 1st period - Dave Steckel wins face-off versus Bryan Little in neutral zone.
0:16 of 1st period - Mike Commodore is hit by Matt Lashoff and loses puck.
0:31 of 1st period - Backhand shot by Byron Ritchie.
0:31 of 1st period - Shot Misses the Net.
0:53 of 1st period - Brandon Sutter is hit by Josh Gorges and loses puck.
1:14 of 1st period - Alexei Emelin is hit by Derek Dorsett and loses puck.
1:30 of 1st period - Off-side.
1:31 of 1st period - Bryan Little wins face-off versus Byron Ritchie in neutral zone.
1:38 of 1st period - Snap shot by Kyle Okposo.
1:38 of 1st period - Stopped by Steve Valiquette with a rebound.
1:40 of 1st period - Wrist shot by Bryan Little.
1:40 of 1st period - Stopped by Steve Valiquette without a rebound.
1:41 of 1st period - Pat Rissmiller wins face-off versus Dave Steckel in Gangsters zone.
3:03 of 1st period - Slapshot by Derek Dorsett.
3:03 of 1st period - Stopped by Steve Valiquette without a rebound.
3:04 of 1st period - Derick Brassard wins face-off versus Dave Steckel in Gangsters zone.
3:47 of 1st period - Cory Murphy is hit by Kyle Okposo and loses puck.
4:20 of 1st period - Wrist shot by Alexandre Bolduc.
4:20 of 1st period - Stopped by Jonas Gustavsson with a rebound.
4:22 of 1st period - Slapshot by Josh Gorges.
4:22 of 1st period - Deflect By Karel Rachunek.
4:22 of 1st period - Stopped by Jonas Gustavsson with a rebound.
5:48 of 1st period - Snap shot by Pat Rissmiller.
5:48 of 1st period - Stopped by Steve Valiquette without a rebound.
5:49 of 1st period - Dave Steckel wins face-off versus Derick Brassard in Gangsters zone.
6:06 of 1st period - Wrist shot by Derick Brassard.
6:06 of 1st period - Stopped by Steve Valiquette with a rebound.
6:15 of 1st period - Icing by John-Michael Liles.
6:16 of 1st period - Artem Anisimov wins face-off versus Bryan Little in Sewer Rats zone.
6:21 of 1st period - Backhand shot by Ryan Jones.
6:21 of 1st period - Deflect By Nick Foligno.
6:21 of 1st period - Shot Misses the Net.
6:21 of 1st period - Puck is out of play.
6:22 of 1st period - Bryan Little wins face-off versus Artem Anisimov in Sewer Rats zone.
7:12 of 1st period - Off-side.
7:13 of 1st period - Dave Steckel wins face-off versus Derick Brassard in neutral zone.
7:39 of 1st period - Eric Fehr is hit by Ryan Keller and loses puck.
7:44 of 1st period - Wrist shot by Chris Bourque.
7:44 of 1st period - Shot Misses the Net.
7:57 of 1st period - Wrist shot by Derick Brassard.
7:57 of 1st period - Stopped by Steve Valiquette without a rebound.
7:58 of 1st period - Brandon Sutter wins face-off versus Dave Steckel in Gangsters zone.
8:01 of 1st period - Wrist shot by Mark Mancari.
8:01 of 1st period - Shot Misses the Net.
8:26 of 1st period - Icing by Mike Rathje.
8:27 of 1st period - Bryan Little wins face-off versus Byron Ritchie in Sewer Rats zone.
8:38 of 1st period - Snap shot by Max Pacioretty.
8:38 of 1st period - Shot Misses the Net.
8:50 of 1st period - Slapshot by Karel Rachunek.
8:50 of 1st period - Deflect By Igor Radulov.
8:50 of 1st period - Stopped by Steve Valiquette without a rebound.
8:51 of 1st period - Tim Jackman wins face-off versus Lars Eller in Gangsters zone.
9:16 of 1st period - Pat Rissmiller is hit by Chris Bourque and loses puck.
9:43 of 1st period - Snap shot by Kyle Okposo.
9:43 of 1st period - Deflect By Ville Koistinen.
9:43 of 1st period - Shot Blocked by Ville Koistinen.
9:43 of 1st period - Puck is out of play.
9:44 of 1st period - Bryan Little wins face-off versus Tim Jackman in Gangsters zone.
9:47 of 1st period - Wrist shot by Max Pacioretty.
9:47 of 1st period - Shot Misses the Net.
9:49 of 1st period - Slapshot by John-Michael Liles.
9:49 of 1st period - Shot Misses the Net.
9:51 of 1st period - Wrist shot by Bryan Little.
9:51 of 1st period - Shot Blocked by Tim Jackman.
9:52 of 1st period - Minor Penalty to Bryan Little for Hooking.
9:53 of 1st period - Brandon Sutter wins face-off versus Dave Steckel in Sewer Rats zone.
10:43 of 1st period - Snap shot by John Erskine.
10:43 of 1st period - Shot Hit the Post.
11:52 of 1st period - Penalty to Bryan Little is over, Bryan Little is back on ice.
13:41 of 1st period - Minor Penalty to Dave Steckel for Holding.
13:42 of 1st period - Bryan Little wins face-off versus Ryan Jones in Gangsters zone.
14:10 of 1st period - Off-side.
14:11 of 1st period - Derick Brassard wins face-off versus Alexandre Bolduc in neutral zone.
14:24 of 1st period - Slapshot by Pat Rissmiller.
14:24 of 1st period - Stopped by Steve Valiquette with a rebound.
14:26 of 1st period - Slapshot by Mike Rathje.
14:26 of 1st period - Shot Hit the Post.
14:28 of 1st period - Snap shot by Pat Rissmiller.
14:28 of 1st period - Stopped by Steve Valiquette without a rebound.
14:29 of 1st period - Bryan Little wins face-off versus Ryan Jones in Gangsters zone.
14:38 of 1st period - Slapshot by Bryan Little.
14:38 of 1st period - Shot Blocked by Cory Murphy.
14:40 of 1st period - Snap shot by Eric Fehr.
14:40 of 1st period - Shot Blocked by Cory Murphy.
14:42 of 1st period - Slapshot by Karel Rachunek.
14:42 of 1st period - Shot Misses the Net.
14:44 of 1st period - Wrist shot by Bryan Little.
14:44 of 1st period - Stopped by Steve Valiquette with a rebound.
14:56 of 1st period - Derick Brassard is hit by Chris Bourque and loses puck.
15:41 of 1st period - Penalty to Dave Steckel is over, Dave Steckel is back on ice.
15:45 of 1st period - Snap shot by Igor Radulov.
15:45 of 1st period - Shot Misses the Net.
15:47 of 1st period - Wrist shot by Igor Radulov.
15:47 of 1st period - Goal by Igor Radulov - Gangsters : 1 - Sewer Rats : 0.
15:48 of 1st period - Byron Ritchie wins face-off versus Bryan Little in neutral zone.
15:53 of 1st period - Snap shot by Matt Read.
15:53 of 1st period - Shot Misses the Net.
16:21 of 1st period - Wrist shot by Pat Rissmiller.
16:21 of 1st period - Stopped by Steve Valiquette without a rebound.
16:22 of 1st period - Bryan Little wins face-off versus Dave Steckel in Gangsters zone.
16:30 of 1st period - Snap shot by Dave Steckel.
16:30 of 1st period - Stopped by Jonas Gustavsson with a rebound.
16:32 of 1st period - Wrist shot by Dave Steckel.
16:32 of 1st period - Deflect By Tim Jackman.
16:32 of 1st period - Stopped by Jonas Gustavsson without a rebound.
16:33 of 1st period - Dave Steckel wins face-off versus Bryan Little in Sewer Rats zone.
16:38 of 1st period - Snap shot by Jaroslav Balastik.
16:38 of 1st period - Shot Blocked by Matt Lashoff.
16:41 of 1st period - Icing by Karel Rachunek.
16:42 of 1st period - Bryan Little wins face-off versus Dave Steckel in Sewer Rats zone.
16:42 of 1st period - Bryan Little is hit by Jaroslav Balastik.
16:45 of 1st period - Minor Penalty to Josh Gorges for Hooking.
16:46 of 1st period - Dave Steckel wins face-off versus Bryan Little in Gangsters zone.
16:46 of 1st period - Dave Steckel is hit by Eric Fehr.
16:47 of 1st period - Dave Steckel from Gangsters is injured at 16:47 of 1st period (Strained Back).
16:48 of 1st period - Ryan Jones wins face-off versus Bryan Little in Gangsters zone.
17:18 of 1st period - Wrist shot by Pat Rissmiller.
17:18 of 1st period - Stopped by Steve Valiquette with a rebound.
17:20 of 1st period - Snap shot by Karel Rachunek.
17:20 of 1st period - Stopped by Steve Valiquette with a rebound.
17:22 of 1st period - Snap shot by Pat Rissmiller.
17:22 of 1st period - Shot Misses the Net.
17:24 of 1st period - Slapshot by Karel Rachunek.
17:24 of 1st period - Shot Misses the Net.
18:45 of 1st period - Penalty to Josh Gorges is over, Josh Gorges is back on ice.
18:52 of 1st period - Josh Gorges is hit by Derek Dorsett and loses puck.
19:15 of 1st period - Staffan Kronwall is hit by Mark Mancari and loses puck.
2nd period
0:01 of 2nd period - Bryan Little wins face-off versus Chris Bourque in neutral zone.
0:06 of 2nd period - Wrist shot by Bryan Little.
0:06 of 2nd period - Stopped by Steve Valiquette with a rebound.
0:43 of 2nd period - Minor Penalty to Mike Rathje for Hooking.
0:44 of 2nd period - Brandon Sutter wins face-off versus Chris Bourque in Sewer Rats zone.
0:57 of 2nd period - Wrist shot by Tim Jackman.
0:57 of 2nd period - Shot Blocked by Matt Lashoff.
0:59 of 2nd period - Snap shot by Tim Jackman.
0:59 of 2nd period - Stopped by Jonas Gustavsson with a rebound.
1:34 of 2nd period - Slapshot by Karel Rachunek.
1:34 of 2nd period - Deflect By Bryan Little.
1:34 of 2nd period - Shot Misses the Net.
1:34 of 2nd period - Puck is out of play.
1:35 of 2nd period - Bryan Little wins face-off versus Byron Ritchie in Gangsters zone.
1:48 of 2nd period - Slapshot by Cory Murphy.
1:48 of 2nd period - Stopped by Jonas Gustavsson without a rebound.
1:49 of 2nd period - Brandon Sutter wins face-off versus Chris Bourque in Sewer Rats zone.
1:49 of 2nd period - Brandon Sutter is hit by Jaroslav Balastik.
2:43 of 2nd period - Penalty to Mike Rathje is over, Mike Rathje is back on ice.
2:50 of 2nd period - Snap shot by Eric Fehr.
2:50 of 2nd period - Stopped by Steve Valiquette without a rebound.
2:51 of 2nd period - Derick Brassard wins face-off versus Artem Anisimov in Gangsters zone.
2:52 of 2nd period - Slapshot by Pat Rissmiller.
2:52 of 2nd period - Stopped by Steve Valiquette with a rebound.
2:54 of 2nd period - Wrist shot by Derick Brassard.
2:54 of 2nd period - Stopped by Steve Valiquette with a rebound.
2:56 of 2nd period - Snap shot by Eric Fehr.
2:56 of 2nd period - Stopped by Steve Valiquette with a rebound.
2:58 of 2nd period - Snap shot by John Erskine.
2:58 of 2nd period - Deflect By Eric Fehr.
2:58 of 2nd period - Shot Misses the Net.
2:58 of 2nd period - Puck is out of play.
2:59 of 2nd period - Bryan Little wins face-off versus Chris Bourque in Gangsters zone.
3:02 of 2nd period - Snap shot by Max Pacioretty.
3:02 of 2nd period - Deflect By Bryan Little.
3:02 of 2nd period - Stopped by Steve Valiquette with a rebound.
3:28 of 2nd period - Wrist shot by Byron Ritchie.
3:28 of 2nd period - Stopped by Jonas Gustavsson without a rebound.
3:29 of 2nd period - Byron Ritchie wins face-off versus Derick Brassard in Sewer Rats zone.
3:36 of 2nd period - Slapshot by Byron Ritchie.
3:36 of 2nd period - Shot Misses the Net.
3:44 of 2nd period - Wrist shot by Matt Read.
3:44 of 2nd period - Stopped by Jonas Gustavsson with a rebound.
3:54 of 2nd period - John-Michael Liles is hit by Jaroslav Balastik and loses puck.
4:03 of 2nd period - Wrist shot by Tim Jackman.
4:03 of 2nd period - Stopped by Jonas Gustavsson without a rebound.
4:04 of 2nd period - Byron Ritchie wins face-off versus Bryan Little in Sewer Rats zone.
4:05 of 2nd period - Snap shot by Igor Radulov.
4:05 of 2nd period - Deflect By Matt Read.
4:05 of 2nd period - Shot Misses the Net.
4:05 of 2nd period - Puck is out of play.
4:06 of 2nd period - Bryan Little wins face-off versus Byron Ritchie in Sewer Rats zone.
4:13 of 2nd period - Wrist shot by Matt Lashoff.
4:13 of 2nd period - Stopped by Steve Valiquette without a rebound.
4:14 of 2nd period - Byron Ritchie wins face-off versus Bryan Little in Gangsters zone.
4:19 of 2nd period - Slapshot by Mike Commodore.
4:19 of 2nd period - Stopped by Jonas Gustavsson with a rebound.
4:21 of 2nd period - Slapshot by Byron Ritchie.
4:21 of 2nd period - Shot Misses the Net.
4:23 of 2nd period - Snap shot by Igor Radulov.
4:23 of 2nd period - Stopped by Jonas Gustavsson without a rebound.
4:24 of 2nd period - Chris Bourque wins face-off versus Bryan Little in Sewer Rats zone.
4:33 of 2nd period - Snap shot by Jaroslav Balastik.
4:33 of 2nd period - Deflect By Tim Jackman.
4:33 of 2nd period - Goal by Tim Jackman - Gangsters : 2 - Sewer Rats : 0.
4:34 of 2nd period - Chris Bourque wins face-off versus Max Pacioretty in neutral zone.
4:39 of 2nd period - Max Pacioretty is hit by Mike Commodore and loses puck.
5:05 of 2nd period - Slapshot by Derick Brassard.
5:05 of 2nd period - Shot Misses the Net.
5:19 of 2nd period - Wrist shot by Ville Leino.
5:19 of 2nd period - Stopped by Steve Valiquette with a rebound.
5:21 of 2nd period - Wrist shot by Kyle Quincey.
5:21 of 2nd period - Deflect By Ville Leino.
5:21 of 2nd period - Shot Misses the Net.
5:21 of 2nd period - Puck is out of play.
5:22 of 2nd period - Ville Leino wins face-off versus Artem Anisimov in Gangsters zone.
5:29 of 2nd period - Slapshot by Mark Mancari.
5:29 of 2nd period - Stopped by Steve Valiquette with a rebound.
5:31 of 2nd period - Snap shot by John-Michael Liles.
5:31 of 2nd period - Stopped by Steve Valiquette with a rebound.
5:33 of 2nd period - Slapshot by Brandon Sutter.
5:33 of 2nd period - Deflect By Ville Leino.
5:33 of 2nd period - Stopped by Steve Valiquette with a rebound.
5:34 of 2nd period - Minor Penalty to Ryan Jones for Roughing.
5:35 of 2nd period - Alexandre Bolduc wins face-off versus Bryan Little in Gangsters zone.
5:35 of 2nd period - Alexandre Bolduc is hit by Karel Rachunek.
7:22 of 2nd period - Mike Commodore is hit by Max Pacioretty and loses puck.
7:34 of 2nd period - Penalty to Ryan Jones is over, Ryan Jones is back on ice.
8:01 of 2nd period - Backhand shot by Mike Commodore.
8:01 of 2nd period - Shot Hit the Post.
8:13 of 2nd period - Igor Radulov is hit by Brandon Sutter and loses puck.
8:26 of 2nd period - Tim Jackman is hit by Derek Dorsett and loses puck.
8:37 of 2nd period - Mike Commodore is hit by Kyle Quincey and loses puck.
9:16 of 2nd period - Snap shot by Ryan Jones.
9:16 of 2nd period - Shot Misses the Net.
10:07 of 2nd period - Icing by Mike Rathje.
10:08 of 2nd period - Bryan Little wins face-off versus Chris Bourque in Sewer Rats zone.
10:28 of 2nd period - Icing by Bryan Little.
10:29 of 2nd period - Nick Foligno wins face-off versus Bryan Little in Sewer Rats zone.
10:32 of 2nd period - Wrist shot by Artem Anisimov.
10:32 of 2nd period - Shot Blocked by Kyle Okposo.
10:34 of 2nd period - Slapshot by Alexei Emelin.
10:34 of 2nd period - Goal by Alexei Emelin - Gangsters : 3 - Sewer Rats : 0.
10:35 of 2nd period - Chris Bourque wins face-off versus Bryan Little in neutral zone.
10:45 of 2nd period - Icing by Bryan Little.
10:46 of 2nd period - Bryan Little wins face-off versus Chris Bourque in Sewer Rats zone.
11:58 of 2nd period - Minor Penalty to Alexandre Bolduc for High sticking.
11:59 of 2nd period - Bryan Little wins face-off versus Ryan Jones in Gangsters zone.
12:10 of 2nd period - Snap shot by Jaroslav Balastik.
12:10 of 2nd period - Deflect By Ryan Jones.
12:10 of 2nd period - Shot Misses the Net.
12:10 of 2nd period - Puck is out of play.
12:11 of 2nd period - Max Pacioretty wins face-off versus Ryan Jones in Sewer Rats zone.
12:16 of 2nd period - Snap shot by John-Michael Liles.
12:16 of 2nd period - Deflect By Eric Fehr.
12:16 of 2nd period - Shot Blocked by Ryan Jones.
12:16 of 2nd period - Puck is out of play.
12:17 of 2nd period - Ryan Jones wins face-off versus Bryan Little in Gangsters zone.
13:06 of 2nd period - Slapshot by Josh Gorges.
13:06 of 2nd period - Stopped by Jonas Gustavsson with a rebound.
13:08 of 2nd period - Slapshot by Staffan Kronwall.
13:08 of 2nd period - Stopped by Jonas Gustavsson without a rebound.
13:09 of 2nd period - Eric Fehr wins face-off versus Brock Bradford in Sewer Rats zone.
13:09 of 2nd period - Eric Fehr is hit by Brock Bradford.
13:15 of 2nd period - Jaroslav Balastik is hit by Bryan Little and loses puck.
13:58 of 2nd period - Penalty to Alexandre Bolduc is over, Alexandre Bolduc is back on ice.
14:17 of 2nd period - Off-side.
14:18 of 2nd period - Brandon Sutter wins face-off versus Alexandre Bolduc in neutral zone.
14:31 of 2nd period - Slapshot by Cory Murphy.
14:31 of 2nd period - Shot Misses the Net.
14:33 of 2nd period - Wrist shot by Alexandre Bolduc.
14:33 of 2nd period - Stopped by Jonas Gustavsson without a rebound.
14:34 of 2nd period - Bryan Little wins face-off versus Chris Bourque in Sewer Rats zone.
15:32 of 2nd period - Slapshot by Byron Ritchie.
15:32 of 2nd period - Shot Misses the Net.
15:34 of 2nd period - Slapshot by Josh Gorges.
15:34 of 2nd period - Stopped by Jonas Gustavsson with a rebound.
15:48 of 2nd period - Backhand shot by Derick Brassard.
15:48 of 2nd period - Shot Blocked by Nick Foligno.
16:10 of 2nd period - Slapshot by Bryan Little.
16:10 of 2nd period - Shot Misses the Net.
16:29 of 2nd period - Minor Penalty to Ryan Keller for Tripping.
16:30 of 2nd period - Bryan Little wins face-off versus Ryan Jones in Gangsters zone.
17:12 of 2nd period - Slapshot by Cory Murphy.
17:12 of 2nd period - Stopped by Jonas Gustavsson with a rebound.
18:14 of 2nd period - Icing by Pat Rissmiller.
18:15 of 2nd period - Derick Brassard wins face-off versus Alexandre Bolduc in Sewer Rats zone.
18:29 of 2nd period - Penalty to Ryan Keller is over, Ryan Keller is back on ice.
18:34 of 2nd period - Snap shot by Chris Bourque.
18:34 of 2nd period - Shot Misses the Net.
18:36 of 2nd period - Slapshot by Chris Bourque.
18:36 of 2nd period - Stopped by Jonas Gustavsson with a rebound.
18:38 of 2nd period - Wrist shot by Ryan Keller.
18:38 of 2nd period - Stopped by Jonas Gustavsson with a rebound.
18:40 of 2nd period - Slapshot by Josh Gorges.
18:40 of 2nd period - Deflect By Ryan Keller.
18:40 of 2nd period - Shot Misses the Net.
18:40 of 2nd period - Puck is out of play.
18:41 of 2nd period - Chris Bourque wins face-off versus Brandon Sutter in Sewer Rats zone.
18:54 of 2nd period - Snap shot by Chris Bourque.
18:54 of 2nd period - Stopped by Jonas Gustavsson with a rebound.
18:56 of 2nd period - Wrist shot by Jaroslav Balastik.
18:56 of 2nd period - Shot Misses the Net.
19:06 of 2nd period - Alexei Emelin is hit by Max Pacioretty and loses puck.
19:15 of 2nd period - Slapshot by Mike Rathje.
19:15 of 2nd period - Shot Misses the Net.
19:17 of 2nd period - Slapshot by Mike Rathje.
19:17 of 2nd period - Shot Blocked by Byron Ritchie.
19:19 of 2nd period - Slapshot by Bryan Little.
19:19 of 2nd period - Stopped by Steve Valiquette with a rebound.
3rd period
0:01 of 3rd period - Bryan Little wins face-off versus Chris Bourque in neutral zone.
0:04 of 3rd period - Backhand shot by Bryan Little.
0:04 of 3rd period - Shot Misses the Net.
0:07 of 3rd period - Minor Penalty to Kyle Okposo for Tripping.
0:08 of 3rd period - Tim Jackman wins face-off versus Brandon Sutter in Sewer Rats zone.
0:23 of 3rd period - Snap shot by Chris Bourque.
0:23 of 3rd period - Stopped by Jonas Gustavsson without a rebound.
0:24 of 3rd period - Chris Bourque wins face-off versus Brandon Sutter in Sewer Rats zone.
0:31 of 3rd period - Snap shot by Chris Bourque.
0:31 of 3rd period - Stopped by Jonas Gustavsson without a rebound.
0:32 of 3rd period - Chris Bourque wins face-off versus Brandon Sutter in Sewer Rats zone.
0:43 of 3rd period - Snap shot by Jaroslav Balastik.
0:43 of 3rd period - Goal by Jaroslav Balastik - Gangsters : 4 - Sewer Rats : 0.
0:44 of 3rd period - Chris Bourque wins face-off versus Bryan Little in neutral zone.
0:47 of 3rd period - Snap shot by Chris Bourque.
0:47 of 3rd period - Shot Misses the Net.
1:20 of 3rd period - Slapshot by Igor Radulov.
1:20 of 3rd period - Shot Blocked by Mike Rathje.
1:32 of 3rd period - Slapshot by Lars Eller.
1:32 of 3rd period - Shot Blocked by Staffan Kronwall.
2:11 of 3rd period - Icing by Kyle Quincey.
2:12 of 3rd period - Brandon Sutter wins face-off versus Ryan Jones in Sewer Rats zone.
3:10 of 3rd period - Wrist shot by Eric Fehr.
3:10 of 3rd period - Shot Misses the Net.
3:12 of 3rd period - Snap shot by Derick Brassard.
3:12 of 3rd period - Stopped by Steve Valiquette without a rebound.
3:13 of 3rd period - Artem Anisimov wins face-off versus Lars Eller in Gangsters zone.
3:43 of 3rd period - Snap shot by Chris Bourque.
3:43 of 3rd period - Deflect By Bryan Little.
3:43 of 3rd period - Shot Blocked by Mike Rathje.
3:43 of 3rd period - Puck is out of play.
3:44 of 3rd period - Chris Bourque wins face-off versus Kyle Okposo in Sewer Rats zone.
3:49 of 3rd period - Snap shot by Jaroslav Balastik.
3:49 of 3rd period - Stopped by Jonas Gustavsson with a rebound.
3:51 of 3rd period - Wrist shot by Jaroslav Balastik.
3:51 of 3rd period - Stopped by Jonas Gustavsson with a rebound.
3:53 of 3rd period - Snap shot by Staffan Kronwall.
3:53 of 3rd period - Shot Blocked by Max Pacioretty.
3:55 of 3rd period - Slapshot by Tim Jackman.
3:55 of 3rd period - Stopped by Jonas Gustavsson without a rebound.
3:56 of 3rd period - Bryan Little wins face-off versus Chris Bourque in Sewer Rats zone.
4:05 of 3rd period - Wrist shot by Kyle Okposo.
4:05 of 3rd period - Stopped by Steve Valiquette with a rebound.
4:07 of 3rd period - Slapshot by Karel Rachunek.
4:07 of 3rd period - Shot Misses the Net.
4:09 of 3rd period - Wrist shot by Bryan Little.
4:09 of 3rd period - Shot Blocked by Mike Commodore.
4:11 of 3rd period - Slapshot by Karel Rachunek.
4:11 of 3rd period - Shot Misses the Net.
4:21 of 3rd period - Matt Read is hit by Derick Brassard.
4:52 of 3rd period - Slapshot by Mike Rathje.
4:52 of 3rd period - Stopped by Steve Valiquette with a rebound.
6:26 of 3rd period - Wrist shot by Ryan Keller.
6:26 of 3rd period - Shot Blocked by Max Pacioretty.
6:28 of 3rd period - Snap shot by Alexei Emelin.
6:28 of 3rd period - Shot Blocked by John Erskine.
6:30 of 3rd period - Wrist shot by Ryan Keller.
6:30 of 3rd period - Stopped by Jonas Gustavsson without a rebound.
6:31 of 3rd period - Chris Bourque wins face-off versus Bryan Little in Sewer Rats zone.
6:55 of 3rd period - Max Pacioretty is hit by Mike Commodore and loses puck.
7:02 of 3rd period - Slapshot by Matt Lashoff.
7:02 of 3rd period - Stopped by Steve Valiquette without a rebound.
7:03 of 3rd period - Chris Bourque wins face-off versus Eric Fehr in Gangsters zone.
7:10 of 3rd period - Kyle Quincey is hit by Jaroslav Balastik and loses puck.
7:25 of 3rd period - Snap shot by Ryan Jones.
7:25 of 3rd period - Deflect By Artem Anisimov.
7:25 of 3rd period - Shot Misses the Net.
7:25 of 3rd period - Puck is out of play.
7:26 of 3rd period - Bryan Little wins face-off versus Artem Anisimov in Sewer Rats zone.
7:33 of 3rd period - Ryan Jones is hit by Karel Rachunek and loses puck.
7:38 of 3rd period - Snap shot by Max Pacioretty.
7:38 of 3rd period - Stopped by Steve Valiquette without a rebound.
7:39 of 3rd period - Chris Bourque wins face-off versus Bryan Little in Gangsters zone.
7:44 of 3rd period - Wrist shot by Bryan Little.
7:44 of 3rd period - Stopped by Steve Valiquette with a rebound.
7:46 of 3rd period - Snap shot by Max Pacioretty.
7:46 of 3rd period - Shot Blocked by Jaroslav Balastik.
7:48 of 3rd period - Snap shot by Bryan Little.
7:48 of 3rd period - Goal by Bryan Little - Gangsters : 4 - Sewer Rats : 1.
7:49 of 3rd period - Bryan Little wins face-off versus Tim Jackman in neutral zone.
7:52 of 3rd period - Chris Bourque is hit by Matt Lashoff and loses puck.
8:15 of 3rd period - Eric Fehr is hit by Matt Read and loses puck.
8:44 of 3rd period - Icing by Staffan Kronwall.
8:45 of 3rd period - Bryan Little wins face-off versus Artem Anisimov in Gangsters zone.
9:42 of 3rd period - Snap shot by Mark Mancari.
9:42 of 3rd period - Stopped by Steve Valiquette with a rebound.
10:11 of 3rd period - Wrist shot by Ryan Jones.
10:11 of 3rd period - Stopped by Jonas Gustavsson with a rebound.
10:13 of 3rd period - Wrist shot by Ryan Jones.
10:13 of 3rd period - Shot Blocked by Kyle Quincey.
10:22 of 3rd period - John-Michael Liles is hit by Ryan Jones and loses puck.
10:32 of 3rd period - Minor Penalty to Pat Rissmiller for Hooking.
10:32 of 3rd period - Minor Penalty to Jim Vandermeer for Hooking.
10:33 of 3rd period - Derick Brassard wins face-off versus Chris Bourque in neutral zone.
10:48 of 3rd period - Snap shot by Chris Bourque.
10:48 of 3rd period - Shot Misses the Net.
12:32 of 3rd period - Penalty to Pat Rissmiller is over, Pat Rissmiller is back on ice.
12:32 of 3rd period - Penalty to Jim Vandermeer is over, Jim Vandermeer is back on ice.
12:45 of 3rd period - Staffan Kronwall is hit by Mark Mancari and loses puck.
13:57 of 3rd period - Igor Radulov is hit by Max Pacioretty and loses puck.
14:12 of 3rd period - Alexandre Bolduc is hit by Lars Eller and loses puck.
14:37 of 3rd period - Minor Penalty to Mark Mancari for Holding.
14:38 of 3rd period - Brandon Sutter wins face-off versus Chris Bourque in Sewer Rats zone.
15:09 of 3rd period - Staffan Kronwall is hit by Matt Lashoff and loses puck.
15:31 of 3rd period - John Erskine is hit by Matt Read and loses puck.
16:37 of 3rd period - Penalty to Mark Mancari is over, Mark Mancari is back on ice.
16:50 of 3rd period - Wrist shot by Max Pacioretty.
16:50 of 3rd period - Shot Misses the Net.
17:09 of 3rd period - Icing by Ville Koistinen.
17:10 of 3rd period - Byron Ritchie wins face-off versus Lars Eller in Gangsters zone.
17:31 of 3rd period - Snap shot by Nick Foligno.
17:31 of 3rd period - Stopped by Jonas Gustavsson without a rebound.
17:32 of 3rd period - Derick Brassard wins face-off versus Artem Anisimov in Sewer Rats zone.
17:57 of 3rd period - Tim Jackman is hit by Mark Mancari and loses puck.
18:06 of 3rd period - Slapshot by Mike Commodore.
18:06 of 3rd period - Shot Misses the Net.
18:16 of 3rd period - Staffan Kronwall is hit by Bryan Little and loses puck.
19:00 of 3rd period - Minor Penalty to Karel Rachunek for Tripping.
19:01 of 3rd period - Chris Bourque wins face-off versus Brandon Sutter in Sewer Rats zone.
19:02 of 3rd period - Snap shot by Jaroslav Balastik.
19:02 of 3rd period - Shot Hit the Post.
19:14 of 3rd period - Slapshot by Jaroslav Balastik.
19:14 of 3rd period - Shot Misses the Net.
19:32 of 3rd period - Slapshot by Jaroslav Balastik.
19:32 of 3rd period - Shot Misses the Net.
Output by the SimonT Hockey Simulator (STHS) for François Prévost -- Original Page W3C XHTML 1.0 Valid